 Dungeon Crawl Stone Soup version 0.31-a0-692-gf03d1854d5 (webtiles) character file.

Game seed: 7683162059307010763

59 qw the Shooter (level 4, -7/28 HPs)
             Began as a Gargoyle Hunter on Sept 6, 2023.
             Mangled by a black bear (10 damage)
             ... on level 3 of the Dungeon.
             The game lasted 00:00:32 (1529 turns).

qw the Shooter (Gargoyle Hunter)                    Turns: 1529, Time: 00:00:33

Health: -7/28      AC:  8    Str: 15    XL:     4   Next: 3%
Magic:  4/4        EV: 11    Int:  9    God:
Gold:   71         SH:  0    Dex: 15    Spells: 3/3 levels left

rFire   . . .        Y - +0 shortbow
rCold   . . .        (shield currently unavailable)
rNeg    + . .        c - +0 leather armour
rPois   inf          (no helmet)
rElec   +            (no cloak)
rCorr   .            b - +0 pair of gloves
SInv    .            i - +0 pair of boots
Will    .....        (no amulet)
Stlth   ++           (no ring)
HPRegen 0.24/turn    (no ring)
MPRegen 0.09/turn

%: no passive effects
@: no status effects
A: sickness immunity, AC +3, negative energy resistance 1, electricity
resistance, torment resistance 1, petrification resistance
a: no special abilities


You were on level 3 of the Dungeon.
You visited 1 branch of the dungeon, and saw 3 of its levels.

You collected 71 gold pieces.


Innate Abilities, Weirdness & Mutations

You are immune to sickness and miasma.
Your stone body is resilient. (AC +3)
You are immune to poison.
You resist negative energy. (rN+)
You are resistant to electric shocks. (rElec)
You are resistant to unholy torment.
You are immune to petrification.


   Skills:
 - Level 3.0 Fighting
 - Level 5.0 Ranged Weapons
 + Level 0.7 Armour
 - Level 1.5 Dodging
 - Level 1.1 Stealth


You had 3 spell levels left.
You didn't know any spells.
Your spell library was empty.

Inventory:

Hand Weapons
 Y - a +0 shortbow (weapon)
Armour
 a - a +0 ring mail
 b - a +0 pair of gloves (worn)
 c - a +0 leather armour (worn)
 i - a +0 pair of boots (worn)
Potions
 g - a potion of degeneration {unknown}
 h - a potion of haste {unknown}

Dungeon Overview and Level Annotations

Branches:
Dungeon (3/15)

Altars:
Ru

Shops:
D:1 :


Message History

You kill the orc!
Something completely misses you.
You shoot an arrow. Something hits you but does no damage.
You shoot an arrow.
You hear some strange, mumbled words.
A magic dart appears from out of thin air!
The magic dart hits you.
You shoot an arrow. The arrow hits the black bear.
The black bear is lightly wounded.
Something hits you but does no damage.
You shoot an arrow. Something hits you.
You shoot an arrow. The arrow hits the black bear.
The black bear is lightly wounded.
You shoot an arrow. The arrow hits the black bear!
The black bear is moderately wounded.
The black bear bites you.
The black bear claws you but does no damage.
The black bear claws you.
You shoot an arrow. The arrow hits the black bear.
The black bear is heavily wounded.
The black bear bites you but does no damage.
The black bear claws you.
The black bear claws you but does no damage.
You shoot an arrow. The arrow hits the black bear!
The black bear is almost dead.
The black bear goes berserk!
You shoot an arrow. The arrow hits the black bear.
The black bear is almost dead.
The black bear barely misses you. The black bear claws you.
The black bear barely misses you. The black bear bites you.
The black bear barely misses you. The black bear claws you.
You shoot an arrow.
The arrow hits the black bear but does no damage.
The black bear is almost dead.
The black bear bites you but does no damage.
The black bear claws you but does no damage.
The black bear claws you. The black bear bites you!
You die...

~~~~~~o# .....¤¤ ......
.............h# .........
....# ......... ..o.#
........# #..)# ........#
#...#.....#
........###o..#.....# #.#
........'@h...+.....+ #.#
........#######.....# #>#
............# #.....# #.#
............###...).#+#.#
...............%........#
........................##
.......................<..
.......................###
##.....................#


You could see a black bear (berserk) and an orc.

Vanquished Creatures
  An adder (D:2)
  A worm (D:2)
  A dart slug (D:1)
  2 orcs (D:3)
  3 ball pythons (D:1)
  2 bats (D:2)
  4 endoplasms
  2 giant cockroaches
  6 goblins
  3 hobgoblins
  3 jackals (D:2)
  A kobold (D:1)
  3 frilled lizards (D:1)
  8 rats
40 creatures vanquished.

Notes
Turn   | Place    | Note
-------+----------+-------------------------------------------
     0 | D:1      | qw the Gargoyle Hunter began the quest for the Orb.
     0 | D:1      | Reached XP level 1. HP: 12/12 MP: 1/1
     0 | D:1      | 0 ||| qw: Version: 0.3-a-76-g4403597
     0 | D:1      | 0 ||| qw: Game counter: 199
     0 | D:1      | 0 ||| qw: Melee chars always use a shield: true
     0 | D:1      | 0 ||| qw: God list: Okawaru
     0 | D:1      | 0 ||| qw: Allow faded altars: false
     0 | D:1      | 0 ||| qw: Do Orc after clearing Dungeon:15 true
     0 | D:1      | 0 ||| qw: Do second Lair branch before Depths: true
     0 | D:1      | 0 ||| qw: Lair rune preference: random
     0 | D:1      | 0 ||| qw: Goals: Normal
     0 | D:1      | 0 ||| PLANNING D:1-11
    91 | D:1      | Reached XP level 2. HP: 17/17 MP: 2/2
   402 | D:1      | Reached XP level 3. HP: 21/21 MP: 3/3
   413 | D:1      | 413 ||| DROPPING +2 sling of freezing.
   524 | D:1      | Found Sewkug's Book Boutique.
   718 | D:1      | 718 ||| UPGRADING to +0 pair of boots.
   723 | D:1      | 723 ||| READING scroll labelled TITWOPSOAHEL.
   824 | D:1      | 824 ||| READING scroll labelled MAOROPY COAT.
   825 | D:1      | 825 ||| DROPPING scroll of butterflies.
   891 | D:2      | Reached skill level 5 in Ranged Weapons
  1029 | D:2      | Reached skill level 3 in Fighting
  1039 | D:2      | Found a sacrificial altar of Ru.
  1416 | D:2      | 1416 ||| UPGRADING to +0 pair of gloves.
  1421 | D:2      | 1421 ||| READING scroll labelled UROFANT REFUAHUUCS.
  1422 | D:2      | 1422 ||| READING 3 scrolls labelled OMODWO TEFFULE.
  1423 | D:2      | 1423 ||| DRINKING 3 cyan potions.
  1458 | D:2      | 1458 ||| DROPPING 2 scrolls of blinking.
  1459 | D:2      | 1459 ||| DROPPING 2 potions of lignification.
  1511 | D:3      | Reached XP level 4. HP: 28/28 MP: 4/4
  1513 | D:3      | Noticed a black bear
  1514 | D:3      | 1514 ||| RETREATING.
  1528 | D:3      | HP: 6/28 [black bear (3)]
  1529 | D:3      | Mangled by a black bear

Levels and vault maps discovered:
D:1:      dpeg_arrival_arbitrary_c, layout_basic, serial_shops, shop
D:2:      layout_loops_ring, basic_altar
D:3:      layout_basic, mainiacjoe_overflow_concentric_impassable, serial_shops,
          nicolae_shop_overgrown_old_shop

Skill      XL: |  1  2  3 |
---------------+----------+-----
Ranged Weapons | 5 |  5.0
Fighting       | 3 |  3.0
Armour         | |  0.7
Dodging        | |  1.5
Stealth        | |  1.1

Action                     |  1- 3 |  4- 6 || total
---------------------------+-------+-------++-------
   Fire: Shortbow          |   107 |    17 ||   124
    Use: Scroll            |     4 |       ||     4
         Potion            |     1 |       ||     1
 Armour: Leather armour    |    20 |    17 ||    37
  Dodge: Dodged            |    30 |     4 ||    34

Table legend:
 A = Non-vault XP
 B = Vault XP
 C = Vault XP percentage of total XP
 D = Non-vault monster count
 E = Vault monster count
 F = Vault count percentage of total count
                 A         B        C        D         E       F
            +---------+---------+-------+---------+---------+-------
      Total |      85 |       0 |   0.0 |      40 |       0 |   0.0
            +---------+---------+-------+---------+---------+-------
        D:1 |      35 |       0 |   0.0 |      20 |       0 |   0.0
        D:2 |      41 |       0 |   0.0 |      16 |       0 |   0.0
        D:3 |       9 |       0 |   0.0 |       4 |       0 |   0.0
            +---------+---------+-------+---------+---------+-------
